 Dungeon Crawl Stone Soup version 0.30.1-4-g462c640d31 (webtiles) character file.

Game seed: 8449013520282919989

60 MrPagan1517 the Trooper (level 4, -4/41 HPs)
             Began as a Hill Orc Fighter on Sept 2, 2023.
             Slain by Sigmund
             ... wielding a +0 scythe
              (6 damage)
             ... on level 2 of the Dungeon.
             The game lasted 00:03:08 (973 turns).

MrPagan1517 the Trooper (Hill Orc Fighter)           Turns: 973, Time: 00:03:08

Health: -4/41      AC:  8    Str: 20    XL:     4   Next: 6%
Magic:  4/4        EV:  9    Int:  8    God:
Gold:   89         SH:  0    Dex: 10    Spells: 3/3 levels left

rFire   . . .        a - +0 war axe
rCold   . . .        c - +0 buckler
rNeg    . . .        b - +0 scale mail
rPois   .            (no helmet)
rElec   .            (no cloak)
rCorr   .            (no gloves)
SInv    .            m - +0 pair of boots
Will    .....        (no amulet) Stlth
                     (no ring)
HPRegen 0.26/turn    (no ring)
MPRegen 0.09/turn

%: no passive effects
@: confused
A: no striking features
a: no special abilities


You were on level 2 of the Dungeon.
You visited 1 branch of the dungeon, and saw 2 of its levels.

You collected 89 gold pieces.

Inventory:

Hand Weapons
 a - a +0 war axe (weapon)
Armour
 b - a +0 scale mail (worn)
 c - a +0 buckler (worn)
 m - a +0 pair of boots (worn)
Wands
 n - a wand of flame (19)
Scrolls
 e - a scroll of brand weapon {unknown}
 f - a scroll of blinking {unknown}
 g - a scroll of immolation {unknown}
 i - a scroll of identify {unknown}
 k - a scroll of teleportation {unknown}
Potions
 d - a potion of might
 h - a potion of attraction {unknown}
 j - a potion of mutation {unknown}
 l - a potion of resistance {unknown}
 o - a potion of berserk rage {unknown}


   Skills:
 + Level 4.4 Fighting
 + Level 3.8 Axes
 + Level 3.6 Armour
 + Level 3.8 Shields


You had 3 spell levels left.
You didn't know any spells.
Your spell library contained the following spells:

 Spells                   Type           Power      Damage    Failure   Level
 Beastly Appendage        Tmut           0%         N/A       83%         1
 Wereblood                Tmut           0%         N/A       92%         2
 Spider Form              Tmut/Pois      0%         N/A       99%         3


Dungeon Overview and Level Annotations

Branches:
Dungeon (2/15)

Altars:

Annotations:
D:2 Sigmund


Message History

Sigmund hits you but does no damage.
You closely miss Sigmund.
Sigmund is moderately wounded.
Sigmund closely misses you.
You barely miss Sigmund.
Sigmund is moderately wounded.
Sigmund gestures wildly while chanting.
Sigmund flickers and vanishes!
Deactivating autopickup; reactivate with Ctrl-A.
You miss something.
You hear some strange, mumbled words.
A puff of flame appears from out of thin air!
The puff of flame hits you.
You hear some strange, mumbled words.
You are confused.
You're too confused to move!
Something hits you but does no damage.
You're too confused to move!
You bump into the rock wall.
Something hits you!
You're too confused to move!
You hear some strange, mumbled words.
Something tries to affect you, but you resist.
Something hits you but does no damage.
You feel less confused.
You hit something. Something hits you but does no damage.
You slash something!
You hear some strange, mumbled words.
You are confused.
You miss something. Something hits you.
You hear some strange, mumbled words.
A puff of flame appears from out of thin air!
The puff of flame hits you!
* * * LOW HITPOINT WARNING * * *
You bump into the rock wall.
Something hits you!
* * * LOW HITPOINT WARNING * * *
You hear some strange, mumbled words.
A puff of flame appears from out of thin air!
The puff of flame hits you.
* * * LOW HITPOINT WARNING * * *
You bump into the rock wall.
Something hits you.
You die...

.....#....#
...###.#..##
.#..÷..#...#
.#...###.#.#
.#.......#.#
.#.....###.#
##..)......##########
.'.......+..........#
##.......#..†<..@##.#
#.......#'#####{#
########...# ....
#...# .#.###
#...##.#.# #...## #.#
####### #...# #.#
......# #...# #.#
.#########'##


There were no monsters in sight!

Vanquished Creatures
  Robin (D:2)
  5 endoplasms (D:1)
  4 giant cockroaches
  10 goblins
  6 hobgoblins
  2 jackals (D:1)
  4 kobolds (D:1)
  A quokka (D:2)
  4 bats
  3 frilled lizards (D:1)
  3 rats
43 creatures vanquished.

Notes
Turn   | Place    | Note
-------+----------+-------------------------------------------
     0 | D:1      | MrPagan1517 the Hill Orc Fighter began the quest for the
                  | Orb.
     0 | D:1      | Reached XP level 1. HP: 19/19 MP: 1/1
     2 | D:1      | Noticed a felid
     2 | D:1      | Noticed a tengu
     4 | D:1      | Noticed a vampire
     4 | D:1      | Noticed a demigod
     6 | D:1      | Noticed a spriggan
     8 | D:1      | Noticed a naga
     8 | D:1      | Noticed a meteoran
    10 | D:1      | Noticed a formicid
    10 | D:1      | Noticed an octopode
    12 | D:1      | Noticed a minotaur
    12 | D:1      | Noticed a ghoul
    14 | D:1      | Noticed a merfolk
    14 | D:1      | Noticed an elf
    16 | D:1      | Noticed a draconian
    16 | D:1      | Noticed a vine stalker
    18 | D:1      | Noticed a human
    18 | D:1      | Noticed an ogre
    22 | D:1      | Noticed a gargoyle
    22 | D:1      | Noticed an armataur
    24 | D:1      | Noticed a troll
    24 | D:1      | Noticed a vampire
    26 | D:1      | Noticed a formicid
    54 | D:1      | Reached XP level 2. HP: 27/27 MP: 2/2
   228 | D:1      | Found a faded altar of an unknown god.
   257 | D:1      | Reached skill level 4 in Fighting
   260 | D:1      | Reached XP level 3. HP: 33/33 MP: 3/3
   559 | D:2      | Identified the +1 helmet of Free Will {Int+2}
   559 | D:2      | Noticed Robin
   567 | D:2      | Killed Robin
   699 | D:2      | Reached XP level 4. HP: 41/41 MP: 4/4
   945 | D:2      | Noticed Sigmund
   972 | D:2      | HP: 2/41 [something/puff of flame (2)]
   973 | D:2      | Slain by Sigmund

Illustrated notes

Levels and vault maps discovered:
D:1:      kb_arrival_jail, layout_basic,
          dreamdust_ecumenical_altar_angels_and_demons
D:2:      layout_basic, basic_altar, hangedman_abyss_or_decor_stabs, uniq_robin,
          uniq_sigmund

Skill      XL: |  1  2 |
---------------+-------+-----
Axes           | 3 |  3.8
Fighting       | 4 |  4.4
Armour         | |  3.6
Shields        | |  3.8

Action                     |  1- 3 |  4- 6 || total
---------------------------+-------+-------++-------
  Melee: War axe           |    69 |    39 ||   108
 Armour: Scale mail        |    37 |    28 ||    65
  Dodge: Dodged            |    47 |    10 ||    57
  Block: Buckler           |    21 |     6 ||    27
